 Dungeon Crawl Stone Soup version 0.32-a0-995-gb4a59205af (webtiles) character file.

Game seed: 17161075568062670418

722 javelincjr the Digger (level 7, 0/59 HPs)
             Began as a Troll Earth Elementalist on Apr 22, 2024.
             Was a Priest of Zin.
             Succumbed to a water moccasin's poison
             ... on level 5 of the Dungeon.
             The game lasted 00:19:21 (4544 turns).

javelincjr the Digger (Troll Earth Elementalist)    Turns: 4544, Time: 00:19:21

Health: 0/59       AC:  4    Str: 17    XL:     7   Next: 43%
Magic:  4/10       EV:  9    Int: 13    God:    Zin [***...]
Gold:   223        SH:  0    Dex: 10    Spells: 8/12 levels left

rFire   . . .        y - +0 trident (protect)
rCold   . . .        (no shield)
rNeg    . . .        a - +0 robe
rPois   .            (helmet restricted)
rElec   .            (no cloak)
rCorr   .            (gloves unavailable)
SInv    .            (boots unavailable)
Will    .....        (no amulet)
Stlth   ++           (no ring)
HPRegen 1.09/turn    (no ring)
MPRegen 0.12/turn

%: no passive effects
@: lethally poisoned (0 -> -13)
A: large, unfitting armour, claws 3, regeneration 1, shaggy fur 1, tough skin 1
a: Renounce Religion, Recite, Vitalisation, Imprison, Donate Gold


You were on level 5 of the Dungeon.
You worshipped Zin.
Zin was most pleased with you.
You visited 1 branch of the dungeon, and saw 5 of its levels.

You collected 247 gold pieces.
You donated 24 gold pieces to Zin.

Inventory:

Hand Weapons
 m - a +2 sling of electrocution
 x - a +3 hand axe
 y - a +0 trident of protection (weapon)
Missiles
 e - 5 javelins
 q - 7 poisoned darts
 w - 8 boomerangs
Armour
 a - a +0 robe (worn)
 k - a +2 tower shield
Wands
 n - a wand of polymorph (10)
Scrolls
 c - a scroll of vulnerability {unknown}
 g - 2 scrolls of torment {unknown}
 h - a scroll of fear {unknown}
 j - 3 scrolls of blinking
 p - a scroll of silence {unknown}
 s - a scroll of fog {unknown}
 u - 2 scrolls of immolation {unknown}
 v - a scroll of enchant weapon {unknown}
Potions
 b - 2 potions of magic
 d - 3 potions of brilliance
 f - 4 potions of attraction
 i - a potion of heal wounds
 l - 2 potions of curing
 o - a potion of invisibility {unknown}
 r - a potion of haste {unknown}
 t - a potion of might {unknown}
 z - a potion of lignification {unknown}


   Skills:
 + Level 3.0 Dodging
 + Level 2.1 Stealth
 + Level 2.2 Shields
 * Level 3.0 Spellcasting
 + Level 2.2 Conjurations
 + Level 3.9 Earth Magic


You had 8 spell levels left.
You knew the following spells:

 Your Spells              Type           Power      Damage    Failure   Level
a - Sandblast             Erth           24%        2d8       4%          1
b - Stone Arrow           Conj/Erth      18%        3d8       21%         3

Your spell library contained the following spells:

 Spells                   Type           Power      Damage    Failure   Level
 Magic Dart               Conj           28%        1d4       10%         1
 Passwall                 Erth           12%        N/A       14%         3
 Slow                     Hex            4%         N/A       22%         1
 Blink                    Tloc           2%         N/A       34%         2
 Call Imp                 Summ           2%         N/A       34%         2
 Sublimation of Blood     Necr           1%         N/A       34%         2
 Brom's Barrelling Bould  Conj/Erth      9%         2d3       54%         4
 Confusing Touch          Hex            1%         N/A       56%         3
 Vampiric Draining        Necr           1%         2d6       56%         3
 Petrify                  Alch/Erth      7%         N/A       71%         4
 Curse of Agony           Necr           1%         N/A       99%         5
 Rimeblight               Ice/Necr       0%         2d3       (prima100%   7


Dungeon Overview and Level Annotations

Branches:
Dungeon (5/15)
 Temple: D:4-7

Altars:
Gozag
Yredelemnul
Zin


Innate Abilities, Weirdness & Mutations

You are too large for most types of armour.
You have claws for hands.
Your natural rate of healing is unusually fast.
You are covered in fur. (AC +1)
You have tough skin. (AC +1)


Message History

You are too injured to fight recklessly!
Casting: Sandblast (safe; 4% risk of failure)
Confirm with . or Enter, or press ? or * to list all spells.
Aiming: Sandblast (safe; 4% risk of failure)
Press: ? - help, Shift-Dir - straight line, f - water moccasin
Aim: a water moccasin (70% to hit)
The blast of sand hits the water moccasin.
The water moccasin is lightly wounded.
You feel extremely sick. The water moccasin bites you.
The water moccasin barely misses you.
Casting: Sandblast (safe; 4% risk of failure)
Confirm with . or Enter, or press ? or * to list all spells.
Aiming: Sandblast (safe; 4% risk of failure)
Press: ? - help, Shift-Dir - straight line, f/p - water moccasin
Aim: a water moccasin (lightly wounded, 70% to hit)
The blast of sand hits the water moccasin!
The water moccasin is heavily wounded.
You feel very sick.
The water moccasin bites you but does no damage.
The water moccasin bites you.
* * * LOW HITPOINT WARNING * * *
Casting: Sandblast (safe; 4% risk of failure)
Confirm with . or Enter, or press ? or * to list all spells.
Aiming: Sandblast (safe; 4% risk of failure)
Press: ? - help, Shift-Dir - straight line, f/p - water moccasin
Aim: a water moccasin (heavily wounded, 70% to hit)
The blast of sand misses the water moccasin.
You feel very sick. The water moccasin closely misses you.
The water moccasin bites you!
* * * LOW HITPOINT WARNING * * *
You are lethally poisoned!
The water moccasin poisons you!
Casting: Sandblast (safe; 4% risk of failure)
Confirm with . or Enter, or press ? or * to list all spells.
Aiming: Sandblast (safe; 4% risk of failure)
Press: ? - help, Shift-Dir - straight line, f/p - water moccasin
Aim: a water moccasin (heavily wounded, 70% to hit)
The blast of sand hits the water moccasin.
The water moccasin is severely wounded.
You die...

.# >. .# ..
########.##
+..<......# #
####.###S.#.#
#.#.@....#
#)#.)....#
#######)..........
........###.##.#..
....###.# .# # .
## #.. .. #..# .##
#..# .. #..#


You could see a water moccasin.

Vanquished Creatures
  A black bear (D:4)
  An ogre (D:4)
  A phantom (D:4)
  A scorpion (D:4)
  A howler monkey (D:5)
  A bombardier beetle (D:4)
  An orc priest (D:4)
  Jessica (D:2)
  2 iguanas
  An orc wizard (D:4)
  4 gnolls
  4 adders
  3 dart slugs
  3 ribbon worms (D:2)
  15 orcs
  11 ball pythons
  7 endoplasms
  2 giant cockroaches
  9 goblins
  7 hobgoblins
  4 jackals (D:4)
  10 kobolds
  4 quokkas
  8 bats
  4 frilled lizards
  8 rats
114 creatures vanquished.

Notes
Turn   | Place    | Note
-------+----------+-------------------------------------------
     0 | D:1      | javelincjr the Troll Earth Elementalist began the quest for
                  | the Orb.
     0 | D:1      | Reached XP level 1. HP: 16/16 MP: 1/1
   245 | D:1      | Reached XP level 2. HP: 17/24 MP: 0/3
   363 | D:1      | Reached skill level 1 in Conjurations
   419 | D:1      | Reached XP level 3. HP: 31/31 MP: 0/4
  1645 | D:2      | Reached XP level 4. HP: 39/39 MP: 2/5
  2365 | D:3      | Learned a level 3 spell: Stone Arrow
  2459 | D:3      | Found a faded altar of an unknown god.
  2477 | D:3      | Prayed at the altar of an unknown god.
  2477 | D:3      | Became a worshipper of Zin the Law-Giver
  2477 | D:3      | Reached * piety under Zin
  2477 | D:3      | Reached ** piety under Zin
  2774 | D:3      | Noticed Jessica
  2812 | D:3      | Reached XP level 5. HP: 44/45 MP: 3/7
  2815 | D:2      | Killed Jessica
  3181 | D:4      | Reached skill level 1 in Shields
  3468 | D:4      | Noticed an ogre
  3473 | D:4      | HP: 2/45 [ogre/+0 giant club (11)]
  3474 | D:4      | Killed an ogre
  3475 | D:4      | Reached XP level 6. HP: 5/53 MP: 1/8
  3706 | D:4      | Reached *** piety under Zin
  4264 | D:4      | Found a basalt altar of Yredelemnul.
  4271 | D:4      | Reached XP level 7. HP: 38/59 MP: 0/10
  4369 | D:4      | Found an opulent altar of Gozag.
  4457 | D:5      | Entered Level 5 of the Dungeon
  4544 | D:5      | Succumbed to a water moccasin's poison

Illustrated notes

Levels and vault maps discovered:
D:1:      erik_arrival_blinker_ship, layout_basic, minivault_5,
          chequers_big_river, minmay_3d_cube
D:2:      layout_loops_ring, minmay_tree_intersection
D:3:      layout_loops_ring, serial_bayou, serial_bayou_lagoon_a,
          serial_bayou_shore_a, serial_bayou_pond_c, serial_bayou_pond_d,
          ebering_ecumenical_altar_petrified, kennysheep_jessica_study,
          uniq_jessica
D:4:      layout_loops_ring, nicolae_overflow_squiral,
          kennysheep_generic_room_16
D:5:      layout_basic, temple_statues, serial_glass, glass_columns_b,
          glass_columns_c, minmay_gold_behind_fungi, minivault_23,
          lexackson_kobold_supper

Skill      XL: |  1  2  3  4  5  6  7 |
---------------+----------------------+-----
Conjurations   | 1 2 |  2.2
Earth Magic    | 3 |  3.9
Dodging        | 2 3 |  3.0
Spellcasting   | 2 3 |  3.0
Shields        | 1 2 |  2.2
Stealth        | 2 |  2.1

Action                     |  1- 3 |  4- 6 |  7- 9 || total
---------------------------+-------+-------+-------++-------
  Melee: Unarmed           |    66 |    48 |       ||   114
         Punch             |       |     1 |       ||     1
         Trident           |       |       |    31 ||    31
   Fire: Sling             |       |    84 |       ||    84
   Cast: Sandblast         |    43 |    86 |    20 ||   149
         Stone Arrow       |       |     2 |       ||     2
 Invoke: Recite            |       |     2 |     1 ||     3
    Use: Scroll            |       |     5 |       ||     5
         Potion            |       |     2 |       ||     2
 Armour: Robe              |    72 |   133 |    55 ||   260
  Dodge: Dodged            |    40 |    93 |    25 ||   158

Table legend: (Time is in decaauts)
 A = Elapsed time spent in this place.
 B = Non-inter-level travel time spent in this place.
 C = Inter-level travel time spent in this place.
 D = Time resting spent in this place.
 E = Time spent auto-exploring this place.
 F = Levels seen in this place.
 G = Mean time per level.
                   A        B        C        D        E       F      G
               +--------+--------+--------+--------+--------+-----+--------+
         Total |   4660 |   4583 |     77 |    195 |   3419 |   5 |  932.0 |
       Dungeon |   4660 |   4583 |     77 |    195 |   3419 |   5 |  932.0 |
               +--------+--------+--------+--------+--------+-----+--------+

Top non-repeatable levels by time:
     D:1: 1366 daAuts
     D:4: 1324 daAuts
     D:3: 963 daAuts
     D:2: 905 daAuts
     D:5: 101 daAuts
